 Dungeon Crawl Stone Soup version 0.19-a0-1704-gbd66c22 (webtiles) character file.

5362 Ijustatesigmund the Covert (level 10, -1/51 HPs)
             Began as a Spriggan Assassin on Sept 26, 2016.
             Was a Believer of Ashenzari.
             Killed from afar by an electric eel (9 damage)
             ... with a bolt of electricity
             ... on level 1 of the Lair of Beasts on Sept 27, 2016.
             The game lasted 01:04:19 (13974 turns).

Ijustatesigmund the Covert (Spriggan Assassin)     Turns: 13974, Time: 01:04:20

Health: -1/51      AC:  4    Str:  7    XL:     10   Next: 39%
Magic:  17/17      EV: 24    Int: 15    God:    Ashenzari [**....]
Gold:   696        SH:  9    Dex: 19    Spells: 2 memorised, 15 levels left

rFire  . . .     SeeInvis +     a - +3 dagger
rCold  . . .     Gourm    .     c - +0 robe (curse)
rNeg   . . .     Faith    .     k - +1 buckler (curse)
rPois  .         Spirit   .     (helmet restricted)
rElec  .         Dismiss  .     e - +0 cloak (curse)
rCorr  .         Reflect  .     (gloves unavailable)
MR     +....     Harm     .     (boots unavailable)
Stlth  +++++++...               (no amulet)
                                (no ring)
                                (no ring)

@: very quick
A: unfitting armour, see invisible, herbivore 3, speed 3, slow metabolism 2
a: Curse Item, Scrying, Renounce Religion


You were on level 1 of the Lair of Beasts.
You worshipped Ashenzari.
Ashenzari was pleased with you.
You were hungry.

You visited 3 branches of the dungeon, and saw 13 of its levels.
You also visited: Sewer.

You collected 696 gold pieces.

Inventory:

Hand Weapons
 a - a +3 dagger (weapon)
 b - a +0 blowgun
 l - a +0 dagger of venom
Missiles
 r - 8 poisoned needles
Armour
 c - a cursed +0 robe (worn)
 e - a cursed +0 cloak (worn)
 k - a cursed +1 buckler (worn)
Wands
 u - a wand of flame (30/48)
Scrolls
 d - a scroll of identify
 i - 2 scrolls of blinking
 j - 2 scrolls of teleportation
 x - a scroll of remove curse
Potions
 h - 2 potions of brilliance
 m - 2 potions of agility
 n - 3 potions of lignification
 o - 2 potions of flight
 p - 2 potions of haste
 q - a potion of cure mutation
 t - a potion of heal wounds
 w - 2 potions of curing
Books
 f - a book of Unlife

   Spells                             Type                      Level
   a - Recall                         Summoning/Translocation      3
   b - Animate Dead                   Necromancy                   4
   c - Control Undead                 Necromancy                   4
   d - Cigotuvi's Embrace             Necromancy                   5
   e - Death Channel                  Necromancy                   6
   f - Simulacrum                     Ice/Necromancy               6
 s - a book of Conjurations

   Spells                             Type                      Level
   a - Magic Dart                     Conjuration                  1
   b - Searing Ray                    Conjuration                  2
   c - Dazzling Spray                 Conjuration/Hexes            3
   d - Fulminant Prism                Conjuration/Hexes            4
   e - Iskenderun's Mystic Blast      Conjuration                  4
   f - Iskenderun's Battlesphere      Conjuration/Charms           5
 v - a book of Cantrips

   Spells                             Type                      Level
   a - Confusing Touch                Hexes                        1
   b - Animate Skeleton               Necromancy                   1
   c - Summon Small Mammal            Summoning                    1
   d - Apportation                    Translocation                1
Comestibles
 g - 8 bread rations


   Skills:
 + Level 4.9 Fighting
 + Level 6.7 Short Blades
 - Level 4.0 Throwing
 - Level 6.3(7.8) Dodging
 - Level 13.1(14.3) Stealth
 - Level 3.7(5.1) Shields
 - Level 4.1 Spellcasting
 - Level 4.0 Conjurations
 - Level 3.8 Translocations


You had 15 spell levels left.
You knew the following spells:

 Your Spells              Type           Power        Failure   Level  Hunger
a - Magic Dart            Conj           ###.         4%          1    None
b - Apportation           Tloc           ##........   6%          1    None


Dungeon Overview and Level Annotations

Branches:
Dungeon (10/15)            Temple (1/1) D:7            Lair (2/6) D:10
  Swamp: Lair:2-4    Shoals: Lair:2-4     Snake: Lair:2-4    Spider: Lair:2-4
    Orc: D:9-12

Altars:
Ashenzari
Cheibriados
Dithmenos
Elyvilon
Fedhas
Gozag
Hepliaklqana
Kikubaaqudgha
Makhleb
Nemelex Xobeh
Okawaru
Qazlal
Ru
Sif Muna
Trog
Uskayaw
Vehumet
Xom
Yredelemnul
Zin
The Shining One

Shops:
D:4 }

Annotations:
D:5 Amnesiac's ghost, amateur FoEE
Lair:2 exclusion: oklob plant


Innate Abilities, Weirdness & Mutations

You are very small and have problems with some larger weapons.
You are too small for most types of armour.
You have supernaturally acute eyesight. (SInv)
You are a herbivore.
You cover ground extremely quickly.
You need consume almost no food.


Message History

The spiny frog misses you. The spiny frog completely misses you.
You open the door. You block the spiny frog's attack.
You block the bullfrog's attack. The spiny frog barely misses you.
There is an open door here. 2 yaks come into view. 2 yaks come into view.
The yak bellows! 2 yaks come into view.
The yak bellows!
The yak bellows!
The electric eel shoots out a bolt of lightning at you!
The bolt of electricity hits you! x2
The electric eel shoots out a bolt of lightning at you!
The bolt of electricity hits you! x2
* * * LOW HITPOINT WARNING * * *
There is a staircase back to the Dungeon here.
The electric eel shoots out a bolt of lightning at you!
The bolt of electricity hits you!
You die...

#...#.## #.P# ##+†#.##
#Y## #..†..# #.# #.....#
##.# #.....# #..#### #
#....)# ##.#..#.## +.....#
##......# #.....#
#####......# ##...##
##>#@#......# ##.####
#.........;;.# #....#
#.##.........# ####.#.##
#...##........ #.......#
#... #.......# ##......#
###. .....#..#
#.......#######.,........#
##......##.#..+.,.....####
.'......#....##, ....#


You could see 2 electric eels.

Vanquished Creatures
  2 hippogriffs
  Grinder (D:3)
  Grum (D:9)
  A basilisk (Lair:2)
  Eustachio (D:6)
  Edmund (D:5)
  2 orc warriors
  3 ice beasts
  2 sky beasts
  2 black bears
  3 wolves (D:9)
  5 ogres
  A centaur (D:6)
  5 big kobolds (Sewer)
  7 bullfrogs
  A gnoll sergeant (D:8)
  2 scorpions
  A wyvern skeleton (D:10)
  A water moccasin skeleton (D:7)
  A killer bee (D:8)
  An electric eel (D:10)
  A wight (D:10)
  4 howler monkeys
  3 crimson imps
  2 hounds (D:7)
  4 orc priests
  3 jellies
  A centaur skeleton (D:10)
  Crazy Yiuf (D:2)
  5 orc wizards
  A bullfrog skeleton (D:8)
  An iguana (D:7)
  Terence (D:3)
  5 worker ants
  A hound zombie (D:10)
  A hound skeleton (D:4)
  Robin (D:3)
  2 worker ant zombies
  12 gnolls
  9 adders
  16 river rats
  2 shadow imps
  5 oozes
  2 adder skeletons
  7 worms
  3 leopard geckos
  35 orcs
  2 bats
  5 giant cockroaches
  8 hobgoblins
  6 jackals
  15 kobolds
  7 quokkas
  6 ball pythons
  2 ball python skeletons
  2 frilled lizards
  12 goblins
  14 rats
251 creatures vanquished.

Vanquished Creatures (collateral kills)
  A howler monkey (D:7)
  An adder (D:7)
2 creatures vanquished.

Vanquished Creatures (others)
  A bush (Lair:1)
1 creature vanquished.

Grand Total: 254 creatures vanquished

Notes
Turn   | Place    | Note
-------+----------+-------------------------------------------
     0 | D:1      | Ijustatesigmund the Spriggan Assassin began the quest for the Orb.
     0 | D:1      | Reached XP level 1. HP: 10/10 MP: 2/2
   233 | D:1      | Reached skill level 6 in Stealth
   446 | D:1      | Reached XP level 2. HP: 14/14 MP: 3/3
   799 | D:2      | Reached XP level 3. HP: 18/18 MP: 4/4
  1337 | D:2      | Found a runed door.
  1341 | D:2      | Noticed Crazy Yiuf
  1376 | D:2      | Killed Crazy Yiuf
  1376 | D:2      | Reached skill level 7 in Stealth
  1444 | D:3      | Reached XP level 4. HP: 22/22 MP: 5/5
  1489 | D:3      | Noticed Robin
  1613 | D:3      | Killed Robin
  1693 | D:3      | Learned a level 1 spell: Magic Dart
  1816 | D:3      | Reached XP level 5. HP: 11/25 MP: 6/6
  2087 | D:3      | Noticed Grinder
  2346 | D:3      | Noticed Terence
  2386 | D:3      | Killed Terence
  2386 | D:3      | Reached skill level 8 in Stealth
  2415 | D:3      | Killed Grinder
  2415 | D:3      | Reached skill level 5 in Short Blades
  2415 | D:3      | Reached skill level 9 in Stealth
  2415 | D:3      | Reached XP level 6. HP: 30/30 MP: 7/7
  2921 | D:4      | Found a glowing drain.
  2997 | Sewer    | Entered a sewer
  3784 | Sewer    | Reached skill level 10 in Stealth
  3784 | Sewer    | Reached XP level 7. HP: 16/33 MP: 8/8
  4511 | Sewer    | Upgraded the game from 0.19-a0-1697-g0595f0e to 0.19-a0-1704-gbd66c22
  5484 | D:4      | Found Ekhal's Gadget Shoppe.
  6025 | D:5      | Entered Level 5 of the Dungeon
  6025 | D:5      | Noticed Amnesiac's ghost (amateur FoEE)
  6077 | D:5      | Reached XP level 8. HP: 40/40 MP: 9/9
  6846 | D:6      | Noticed Eustachio
  6851 | D:6      | Killed Eustachio
  6851 | D:6      | Reached skill level 5 in Dodging
  7508 | D:5      | Noticed Edmund
  7614 | D:6      | You fall through a shaft!
  7640 | D:7      | Found a staircase to the Ecumenical Temple.
  7654 | Temple   | Entered the Ecumenical Temple
  7745 | Temple   | Became a worshipper of Ashenzari the Shackled
  8201 | D:5      | Reached skill level 11 in Stealth
  8279 | D:5      | Killed Edmund
  8279 | D:5      | Reached skill level 1 in Shields
  8593 | D:5      | Reached XP level 9. HP: 46/46 MP: 10/10
  8920 | D:7      | Reached skill level 12 in Stealth
  9869 | D:7      | Reached skill level 13 in Stealth
 10213 | D:7      | Learned a level 1 spell: Apportation
 10618 | D:9      | Reached skill level 1 in Spellcasting
 11111 | D:8      | Reached * piety under Ashenzari
 11158 | D:8      | Reached skill level 1 in Conjurations
 11680 | D:9      | Noticed Grum
 11684 | D:9      | Killed Grum
 11722 | D:9      | Reached XP level 10. HP: 45/51 MP: 17/17
 12130 | D:10     | Entered Level 10 of the Dungeon
 12282 | D:10     | Noticed a hill giant
 12942 | D:10     | Found a staircase to the Lair.
 13268 | Lair:1   | Entered Level 1 of the Lair of Beasts
 13346 | Lair:2   | Noticed an oklob plant
 13399 | Lair:2   | Identified a scroll of acquirement
 13527 | Lair:2   | Reached ** piety under Ashenzari
 13832 | Lair:1   | Noticed a spiny frog
 13974 | Lair:1   | Killed from afar by an electric eel

Vault maps used:
D:1:      dpeg_arrival_rhombi
D:2:      uniq_crazy_yiuf_cottage
D:3:      uniq_grinder, uniq_terence, uniq_robin
D:4:      portal_sewer_entry_a, serial_shops, nicolae_shop_stone, first_bread
D:5:      serial_bayou_pond_d, minivault_24, uniq_edmund
D:6:      uniq_eustachio
D:7:      kennysheep_generic_room_4
D:8:      david_nohive_1
D:9:      uniq_grum
D:10:     lair_0_dummy, enter_trove_6
Temple:   grunt_wide_crystal_templ
Lair:1:   dpeg_stationary_puzzle, lemuel_fruit_tree, grunt_megastairs_4
Lair:2:   minmay_lair_oklob_bushes
Sewer:    sewer_co_tree

Skill      XL: |  1  2  3  4  5  6  7  8  9 10 |
---------------+-------------------------------+-----
Stealth        | 6 7 9 10 11 13 | 13.1
Short Blades   | 3 4 5 6 |  6.7
Fighting       | 3 4 |  4.9
Dodging        | 4 6 |  6.3
Throwing       | 4 |  4.0
Shields        | 1 3 |  3.7
Translocations | 3 |  3.8
Spellcasting   | 4 |  4.1
Conjurations   | 2 4 |  4.0

Action                   |  1- 3 |  4- 6 |  7- 9 | 10-12 || total
-------------------------+-------+-------+-------+-------++-------
Melee: Dagger            |    61 |   352 |   681 |   308 ||  1402
 Fire: Blowgun           |     8 |    41 |   262 |    35 ||   346
Throw: Throwing net      |       |     2 |     2 |       ||     4
 Cast: Magic Dart        |       |       |       |    41 ||    41
Invok: Curse Item        |       |       |     3 |       ||     3
  Use: Scroll            |     5 |     1 |    16 |     4 ||    26
       Potion            |       |       |     3 |     2 ||     5
 Stab: Sleeping          |     9 |     8 |    27 |    13 ||    57
       Distracted        |       |     2 |     3 |       ||     5
       Held in net/web   |       |     2 |     1 |       ||     3
  Eat: Fruit             |       |       |     4 |       ||     4
       Pizza             |       |       |     1 |       ||     1
       Bread ration      |       |       |     1 |       ||     1
Armor: Robe              |     5 |    23 |    28 |     9 ||    65
Dodge: Dodged            |    47 |   209 |   388 |   199 ||   843
Block: Buckler           |       |       |    99 |   128 ||   227
